 Dungeon Crawl Stone Soup version 0.29.1-1-gd02db6906a (webtiles) character file.

Game seed: 13285742372277771034

28 Earthwalker the Covered (level 2, 0/27 HPs)
             Began as a Minotaur Fighter on Oct 9, 2022.
             Slain by a gnoll
             ... wielding a +0 spear of freezing
              (5 damage)
             ... on level 2 of the Dungeon.
             The game lasted 00:02:00 (973 turns).

Earthwalker the Covered (Minotaur Fighter)           Turns: 973, Time: 00:02:01

Health: 0/27       AC:  7    Str: 20    XL:     2   Next: 96%
Magic:  1/1        EV:  9    Int:  5    God:
Gold:   51         SH:  4    Dex:  9    Spells: 1/1 levels left

rFire   x . .      SeeInvis .   a - +0 trident
rCold   + . .      Faith    .   c - +0 buckler
rNeg    . . .      Spirit   .   b - +0 scale mail
rPois   .          Reflect  .   (helmet restricted)
rElec   .          Harm     .   (no cloak)
rCorr   .          Rampage  .   (no gloves)
Will    .....                   (no boots)
Stlth   ..........              (no amulet)
HPRegen 0.09/turn               j - ring of ice
MPRegen 0.07/turn               (no ring)

@: no status effects
A: horns 2, retaliatory headbutt
a: no special abilities


You were on level 2 of the Dungeon.
You visited 1 branch of the dungeon, and saw 2 of its levels.

You collected 51 gold pieces.

Inventory:

Hand Weapons
 a - a +0 trident (weapon)
Armour
 b - a +0 scale mail (worn)
 c - a +0 buckler (worn)
Jewellery
 j - a ring of ice (left hand)
Scrolls
 e - 3 scrolls of identify {unknown}
 g - 2 scrolls of teleportation {unknown}
 i - a scroll of immolation {unknown}
Potions
 d - a potion of might
 f - a potion of haste {unknown}
 h - a potion of brilliance {unknown}


   Skills:
 * Level 4.0 Fighting
 * Level 2.7 Polearms
 * Level 4.2 Armour
 * Level 0.4 Dodging
 * Level 0.1 Stealth
 * Level 3.9 Shields


You had one spell level left.
You didn't know any spells.
Your spell library contained the following spells:

 Spells                   Type           Power      Damage    Failure   Level
 Blink                    Tloc           0%         N/A       96%         2
 Lesser Beckoning         Tloc           0%         N/A       99%         3
 Manifold Assault         Tloc           0%         N/A       100%        5


Dungeon Overview and Level Annotations

Branches:
Dungeon (2/15)

Altars:


Innate Abilities, Weirdness & Mutations

You have a pair of horns on your head.
You reflexively headbutt those who attack you in melee.


Message History

Found a short sword.
You see here a +0 short sword.
A gnoll comes into view. It is wielding a +0 whip.
The gnoll shouts! 2 gnolls come into view.
A gnoll is wielding a +0 spear of freezing.
Found an escape hatch in the floor.
The gnoll shouts! x2
You closely miss the gnoll.
The gnoll hits you but does no damage. x2
You closely miss the gnoll. The gnoll barely misses you.
The gnoll hits you but does no damage.
You puncture the gnoll!
The gnoll is almost dead.
The gnoll closely misses you.
The gnoll hits you from afar with a +0 spear of freezing.
You puncture the gnoll!
You kill the gnoll!
You block the gnoll's attack.
Your Fighting skill increases to level 4!
You closely miss the gnoll. The gnoll hits you with a +0 flail.
The gnoll hits you but does no damage. The gnoll barely misses you.
The gnoll hits you but does no damage.
You hit the gnoll.
The gnoll is moderately wounded.
The gnoll hits you with a +0 flail.
The gnoll hits you from afar with a +0 spear of freezing.
The gnoll freezes you.
You hit the gnoll.
The gnoll is severely wounded.
The gnoll hits you but does no damage.
The gnoll hits you from afar with a +0 spear of freezing.
* * * LOW HITPOINT WARNING * * *
The gnoll freezes you.
* * * LOW HITPOINT WARNING * * *
You hit the gnoll but do no damage.
The gnoll is severely wounded.
The gnoll hits you with a +0 flail.
* * * LOW HITPOINT WARNING * * *
The gnoll hits you from afar with a +0 spear of freezing.
You die...

#+## ... #.# # ...
#.# #.... ##.##
##### >#.##
#####...###...## .g.
..##.....#.....###.#
#...........#...##.#
######.##.......##g#
####.......@g.#
##.)...##### ##...##
#####


You could see 2 gnolls.

Vanquished Creatures
  A gnoll (D:2)
  A dart slug (D:2)
  2 bats (D:1)
  3 giant cockroaches
  A hobgoblin (D:2)
  A quokka (D:2)
  2 frilled lizards (D:1)
  3 kobolds
  2 rats (D:1)
16 creatures vanquished.

Notes
Turn   | Place    | Note
-------+----------+-------------------------------------------
     0 | D:1      | Earthwalker the Minotaur Fighter began the quest for the
                  | Orb.
     0 | D:1      | Reached XP level 1. HP: 19/19 MP: 0/0
   403 | D:2      | Reached XP level 2. HP: 27/27 MP: 1/1
   973 | D:2      | Slain by a gnoll

Illustrated notes

Levels and vault maps discovered:
D:1:      tarquinn_simple_flora_water_d, layout_loops_corners
D:2:      layout_loops_corners, ebering_ecumenical_altar_ruins,
          grunt_ministairs_3, minivault_25

Skill      XL: |  1  2 |
---------------+-------+-----
Armour         | 4 |  4.2
Fighting       | 4 |  4.0
Polearms       | |  2.7
Dodging        | |  0.4
Stealth        | |  0.1
Shields        | |  3.9

Action                   || total
-------------------------++-------
Melee: Trident           ||    39
       Headbutt          ||     1
Armor: Scale mail        ||    19
Dodge: Dodged            ||    24
Block: Buckler           ||    10
